AAA
DES PLAINES GOLDEN HEROES @ FLAGSTAFF FLYERS
04/17/2060
 
TOP OF THE 1ST
Vancouver Thunderbirds batting - Pitching for Bakersfield Cannons : RHP Noah Butler
Pitching: RHP Noah Butler
Batting: LHB Emmanuel Thorn 0-0: Swinging Strike
0-1: Swinging Strike
0-2: Ball
1-2: Ball
2-2: Ball
3-2: Strikes out swinging
Batting: LHB Randy Logan 0-0: Called Strike
0-1: Fly out, F7 (Flyball, 7LS, EV 88.8 MPH)
Batting: RHB Alan West 0-0: Called Strike
0-1: Ball
1-1: Fly out, F9 (Flyball, 89D, EV 91.9 MPH)
Top of the 1st over - 0 runs, 0 hits, 0 errors, 0 left on base; Vancouver 0 - Bakersfield 0
BOTTOM OF THE 1ST
Bakersfield Cannons batting - Pitching for Vancouver Thunderbirds : RHP Charlie Reilly
Pitching: RHP Charlie Reilly
Batting: RHB Dante Nunn 0-0: Ball
1-0: Ball
2-0: Ball
3-0: Called Strike
3-1: Base on Balls
Batting: LHB Keon Kakazai 0-0: SINGLE (Groundball, 34D, EV 99.4 MPH)
Dante Nunn to second
Runner from 2nd tries for 3rd, SAFE, throw by RF made to third
Batting: RHB Spencer Stephens 0-0: Ball
1-0: Foul Ball, location: 2F
1-1: Called Strike
1-2: Strikes out swinging
Batting: RHB Adrian Gramling 0-0: Grounds into double play, 1-4-3 (Groundball, 15S, EV 68.1 MPH)
Bottom of the 1st over - 0 runs, 1 hit, 0 errors, 1 left on base; Vancouver 0 - Bakersfield 0
TOP OF THE 2ND
Vancouver Thunderbirds batting - Pitching for Bakersfield Cannons : RHP Noah Butler
Batting: SHB Kyle O'Brien 0-0: Foul Ball, location: 2F
0-1: Ball
1-1: Foul Ball, location: 2F
1-2: Fly out, F9 (Line Drive, 9, EV 107.5 MPH)
Batting: RHB Sean Prock 0-0: Ball
1-0: Fly out, F6 (Line Drive, 6M, EV 66.2 MPH)
Batting: LHB Colton Constable 0-0: Foul Ball, location: 2F
0-1: SINGLE (Groundball, 5S, EV 63.8 MPH) (infield hit)
Batting: LHB J.J. Court 0-0: Ball
1-0: Ball
2-0: Called Strike
2-1: Foul Ball, location: 2F
2-2: Ball
3-2: Fly out, F9 (Flyball, 9D, EV 95.0 MPH)
Top of the 2nd over - 0 runs, 1 hit, 0 errors, 1 left on base; Vancouver 0 - Bakersfield 0
BOTTOM OF THE 2ND
Bakersfield Cannons batting - Pitching for Vancouver Thunderbirds : RHP Charlie Reilly
Batting: RHB Kaileb Romero 0-0: Foul Ball, location: 2F
0-1: Swinging Strike
0-2: Ball
1-2: SINGLE (Flyball, 4D, EV 88.8 MPH)
Batting: RHB Al Wagner 0-0: Ball
1-0: Called Strike
1-1: Called Strike
1-2: Ball
2-2: Strikes out swinging
Batting: RHB Adan Natoli 0-0: Called Strike
0-1: Swinging Strike
0-2: Strikes out swinging
Batting: RHB Elroy Saenz 0-0: Ball
1-0: Called Strike
1-1: Called Strike
1-2: Ball
2-2: Ball
3-2: Foul Ball, location: 2F
3-2: Fly out, F7 (Flyball, 7S, EV 77.5 MPH)
Bottom of the 2nd over - 0 runs, 1 hit, 0 errors, 1 left on base; Vancouver 0 - Bakersfield 0
TOP OF THE 3RD
Vancouver Thunderbirds batting - Pitching for Bakersfield Cannons : RHP Noah Butler
Batting: RHB Andrew Stejskal 0-0: Called Strike
0-1: Ball
1-1: Foul Ball, location: 2F
1-2: Foul Ball, location: 2F
1-2: Strikes out swinging
Batting: RHB Cole Jordan 0-0: Called Strike
0-1: Ball
1-1: Ball
2-1: Ground out 6-3 (Groundball, 6, EV 88.1 MPH)
Batting: LHB Emmanuel Thorn 0-0: Ball
1-0: Called Strike
1-1: Called Strike
1-2: Ball
2-2: Ball
3-2: Foul Ball, location: 2F
3-2: Fly out, F3 (Popup, 3S, EV 70.6 MPH)
Top of the 3rd over - 0 runs, 0 hits, 0 errors, 0 left on base; Vancouver 0 - Bakersfield 0
BOTTOM OF THE 3RD
Bakersfield Cannons batting - Pitching for Vancouver Thunderbirds : RHP Charlie Reilly
Batting: RHB Dax Andersen 0-0: Called Strike
0-1: Foul Ball, location: 2F
0-2: Ball
1-2: Foul Ball, location: 2F
1-2: Strikes out swinging
Batting: RHB Dante Nunn 0-0: Called Strike
0-1: Swinging Strike
0-2: Foul Ball, location: 2F
0-2: Strikes out swinging
Batting: LHB Keon Kakazai 0-0: DOUBLE (Groundball, 5L, EV 102.5 MPH)
Batting: RHB Spencer Stephens 0-0: Called Strike
0-1: Ball
1-1: Foul Ball, location: 2F
1-2: Foul Ball, location: 2F
1-2: Strikes out swinging
Bottom of the 3rd over - 0 runs, 1 hit, 0 errors, 1 left on base; Vancouver 0 - Bakersfield 0
TOP OF THE 4TH
Vancouver Thunderbirds batting - Pitching for Bakersfield Cannons : RHP Noah Butler
Pitching: RHP Graham Hunter
Batting: LHB Randy Logan 0-0: Foul Ball, location: 2F
0-1: Ground out 4-3 (Groundball, 4MD, EV 103.8 MPH)
Batting: RHB Alan West 0-0: Fly out, F8 (Flyball, 8RD, EV 97.5 MPH)
Batting: SHB Kyle O'Brien 0-0: Called Strike
0-1: Foul Ball, location: 2F
0-2: Ball
1-2: Foul Ball, location: 2F
1-2: Strikes out swinging
Top of the 4th over - 0 runs, 0 hits, 0 errors, 0 left on base; Vancouver 0 - Bakersfield 0
BOTTOM OF THE 4TH
Bakersfield Cannons batting - Pitching for Vancouver Thunderbirds : RHP Charlie Reilly
Batting: RHB Adrian Gramling 0-0: Called Strike
0-1: Ball
1-1: Foul Ball, location: 2F
1-2: Foul Ball, location: 2F
1-2: Ball
2-2: Foul Ball, location: 2F
2-2: Fly out, F8 (Flyball, 8RD, EV 98.8 MPH)
Batting: RHB Kaileb Romero 0-0: Swinging Strike
0-1: Ball
1-1: Foul Ball, location: 2F
1-2: Ball
2-2: Foul Ball, location: 2F
2-2: Ball
3-2: Fly out, F9 (Flyball, 9, EV 83.8 MPH)
Batting: RHB Al Wagner 0-0: Foul Ball, location: 2F
0-1: Called Strike
0-2: Ball
1-2: Foul Ball, location: 2F
1-2: Foul Ball, location: 2F
1-2: Fly out, F8 (Line Drive, 8LS, EV 93.1 MPH)
Bottom of the 4th over - 0 runs, 0 hits, 0 errors, 0 left on base; Vancouver 0 - Bakersfield 0
TOP OF THE 5TH
Vancouver Thunderbirds batting - Pitching for Bakersfield Cannons : RHP Graham Hunter
Batting: RHB Sean Prock 0-0: Ball
1-0: Foul Ball, location: 2F
1-1: Swinging Strike
1-2: Foul Ball, location: 2F
1-2: Ball
2-2: Strikes out swinging
Batting: LHB Colton Constable 0-0: Ball
1-0: Swinging Strike
1-1: Called Strike
1-2: Ball
2-2: Ball
3-2: Foul Ball, location: 2F
3-2: Strikes out swinging
Batting: LHB J.J. Court 0-0: Ball
1-0: Called Strike
1-1: SINGLE (Groundball, 56S, EV 96.9 MPH)
Batting: RHB Andrew Stejskal 0-0: Foul Ball, location: 2F
0-1: Ball
1-1: Called Strike
1-2: Ground out 5-3 (Groundball, 56, EV 101.2 MPH)
Top of the 5th over - 0 runs, 1 hit, 0 errors, 1 left on base; Vancouver 0 - Bakersfield 0
BOTTOM OF THE 5TH
Bakersfield Cannons batting - Pitching for Vancouver Thunderbirds : RHP Charlie Reilly
Batting: RHB Adan Natoli 0-0: DOUBLE (Line Drive, 8RXD, EV 108.1 MPH)
Batting: RHB Elroy Saenz 0-0: Ball
1-0: Ball
2-0: Reached on error, E1 (Groundball, 15S, EV 43.8 MPH)
Adan Natoli scores
Batting: RHB Dax Andersen 0-0: SINGLE (Flyball, 4D, EV 83.1 MPH)
Elroy Saenz to third
Batting: RHB Dante Nunn 0-0: Swinging Strike
0-1: DOUBLE (Flyball, 5D, EV 88.1 MPH)
Elroy Saenz scores
Dax Andersen to third
Batting: LHB Keon Kakazai 0-0: Called Strike
0-1: Ball
1-1: Hit by Pitch
Batting: RHB Spencer Stephens 0-0: SINGLE (Line Drive, 6D, EV 101.2 MPH)
Dax Andersen scores
Dante Nunn to third
Keon Kakazai to second
Batting: RHB Adrian Gramling 0-0: Ball
1-0: Grounds into fielders choice 5-2 (Groundball, 56, EV 78.8 MPH)
Keon Kakazai to third
Spencer Stephens to second
Batting: RHB Kaileb Romero 0-0: Foul Ball, location: 2F
0-1: Ball
1-1: Ball
2-1: Fly out, F8 (Flyball, 78S, EV 78.1 MPH)
Batting: RHB Al Wagner 0-0: Called Strike
0-1: Ball
1-1: Fly out, F4 (Popup, 34, EV 52.5 MPH)
Bottom of the 5th over - 3 runs, 4 hits, 1 error, 3 left on base; Vancouver 0 - Bakersfield 3
TOP OF THE 6TH
Vancouver Thunderbirds batting - Pitching for Bakersfield Cannons : RHP Graham Hunter
Batting: RHB Cole Jordan 0-0: Swinging Strike
0-1: Ball
1-1: Swinging Strike
1-2: Ball
2-2: Foul Ball, location: 2F
2-2: Strikes out swinging
Batting: LHB Emmanuel Thorn 0-0: Ball
1-0: Swinging Strike
1-1: Ball
2-1: Called Strike
2-2: Strikes out swinging
Batting: LHB Randy Logan 0-0: Foul Ball, location: 2F
0-1: Ball
1-1: Swinging Strike
1-2: Ball
2-2: Foul Ball, location: 2F
2-2: Strikes out swinging
Top of the 6th over - 0 runs, 0 hits, 0 errors, 0 left on base; Vancouver 0 - Bakersfield 3
BOTTOM OF THE 6TH
Bakersfield Cannons batting - Pitching for Vancouver Thunderbirds : RHP Charlie Reilly
Batting: RHB Adan Natoli 0-0: Ball
1-0: Foul Ball, location: 2F
1-1: Called Strike
1-2: Strikes out swinging
Batting: RHB Elroy Saenz 0-0: Called Strike
0-1: Ball
1-1: Fly out, F6 (Popup, P, EV 81.2 MPH)
Batting: RHB Dax Andersen 0-0: Ball
1-0: Ball
2-0: Foul Ball, location: 2F
2-1: Foul Ball, location: 2F
2-2: Strikes out swinging
Bottom of the 6th over - 0 runs, 0 hits, 0 errors, 0 left on base; Vancouver 0 - Bakersfield 3
TOP OF THE 7TH
Vancouver Thunderbirds batting - Pitching for Bakersfield Cannons : RHP Graham Hunter
Pitching: RHP Leonard Yong
Batting: RHB Alan West 0-0: Fly out, F9 (Flyball, 89D, EV 102.5 MPH)
Batting: SHB Kyle O'Brien 0-0: Ball
1-0: Foul Ball, location: 2F
1-1: Fly out, F8 (Flyball, 8RXD, EV 90.6 MPH)
Batting: RHB Sean Prock 0-0: Swinging Strike
0-1: Ball
1-1: Swinging Strike
1-2: Strikes out swinging
Top of the 7th over - 0 runs, 0 hits, 0 errors, 0 left on base; Vancouver 0 - Bakersfield 3
BOTTOM OF THE 7TH
Bakersfield Cannons batting - Pitching for Vancouver Thunderbirds : RHP Charlie Reilly
Batting: RHB Dante Nunn 0-0: Ball
1-0: Ball
2-0: Ball
3-0: Base on Balls
Batting: LHB Keon Kakazai 0-0: Ball
1-0: Sac Bunt to 15S - play at first, batter OUT! 1-3
Dante Nunn to second
Batting: RHB Spencer Stephens 0-0: Ball
1-0: Called Strike
1-1: Ball
2-1: Ball
3-1: Base on Balls
Pitching: RHP Dantiel Matta
Batting: RHB Adrian Gramling 0-0: Foul Ball, location: 2F
0-1: Ball
1-1: Foul Ball, location: 2F
1-2: Foul Ball, location: 2F
1-2: Ball
2-2: Foul Ball, location: 2F
2-2: Grounds into double play, 4-6-3 (Groundball, 4, EV 83.1 MPH)
Bottom of the 7th over - 0 runs, 0 hits, 0 errors, 1 left on base; Vancouver 0 - Bakersfield 3
TOP OF THE 8TH
Vancouver Thunderbirds batting - Pitching for Bakersfield Cannons : RHP Leonard Yong
Batting: LHB Colton Constable 0-0: Ball
1-0: Called Strike
1-1: SINGLE (Line Drive, 4M, EV 95.0 MPH)
Batting: LHB J.J. Court 0-0: Ball
1-0: Ball
2-0: Foul Ball, location: 2F
2-1: Ball
3-1: Base on Balls
Colton Constable to second
Pinch Hitting: RHB Riley Sistrunk 0-0: DOUBLE (Line Drive, 3D, EV 102.5 MPH)
Colton Constable scores
J.J. Court to third
Batting: RHB Cole Jordan 0-0: Ball
1-0: Called Strike
1-1: Ball
2-1: Ground out 1-3 (Groundball, 25, EV 73.1 MPH)
Batting: LHB Emmanuel Thorn 0-0: Ball
1-0: Fly out, F7 (Line Drive, 7S, EV 92.5 MPH)
Batting: LHB Randy Logan 0-0: Ball
1-0: Ball
2-0: Swinging Strike
2-1: Ball
3-1: Base on Balls
Batting: RHB Alan West 0-0: Called Strike
0-1: Called Strike
0-2: Strikes out swinging
Top of the 8th over - 1 run, 2 hits, 0 errors, 3 left on base; Vancouver 1 - Bakersfield 3
BOTTOM OF THE 8TH
Bakersfield Cannons batting - Pitching for Vancouver Thunderbirds : RHP Dantiel Matta
Now at SS: Wes Chavis
Batting: RHB Kaileb Romero 0-0: Called Strike
0-1: Ball
1-1: Swinging Strike
1-2: Ball
2-2: Strikes out looking
Batting: RHB Al Wagner 0-0: Foul Ball, location: 2F
0-1: Ball
1-1: DOUBLE (Line Drive, 7LS, EV 97.5 MPH)
Batting: RHB Adan Natoli 0-0: Intentional Walk
Batting: RHB Elroy Saenz 0-0: Called Strike
0-1: Called Strike
0-2: Foul Ball, location: 2F
0-2: Fielders Choice at 2nd, 4-6 (Groundball, 4M, EV 90.0 MPH)
Al Wagner to third
Batting: RHB Dax Andersen 0-0: Ball
1-0: Called Strike
1-1: Foul Ball, location: 2F
1-2: Ball
2-2: Foul Ball, location: 2F
2-2: Foul Ball, location: 2F
2-2: Ball
3-2: Base on Balls
Elroy Saenz to second
Batting: RHB Dante Nunn 0-0: Called Strike
0-1: Foul Ball, location: 2F
0-2: Ball
1-2: Strikes out swinging
Bottom of the 8th over - 0 runs, 1 hit, 0 errors, 3 left on base; Vancouver 1 - Bakersfield 3
TOP OF THE 9TH
Vancouver Thunderbirds batting - Pitching for Bakersfield Cannons : RHP Leonard Yong
Pitching: RHP Townes Parker
Batting: SHB Kyle O'Brien 0-0: Fly out, F7 (Flyball, 7, EV 84.4 MPH)
Batting: RHB Sean Prock 0-0: Ball
1-0: Called Strike
1-1: Called Strike
1-2: Foul Ball, location: 2F
1-2: Strikes out swinging
Batting: LHB Colton Constable 0-0: Foul Ball, location: 2F
0-1: Called Strike
0-2: Strikes out swinging
Top of the 9th over - 0 runs, 0 hits, 0 errors, 0 left on base; Vancouver 1 - Bakersfield 3
Monday, April 29th , 2024 - OOTP Baseball 23.10 Build 110